 Dungeon Crawl Stone Soup version 0.30-a0-540-g0af01429fa (webtiles) character file.

Game seed: 1549738407158261840

322 Newt the Skirmisher (level 6, -3/35 HPs)
             Began as a Kobold Hunter on Dec 25, 2022.
             Killed by nerve-wracking pain
             ... invoked by an orc priest
              (6 damage)
             ... on level 4 of the Dungeon.
             The game lasted 00:03:16 (3264 turns).

Newt the Skirmisher (Kobold Hunter)                 Turns: 3264, Time: 00:03:16

Health: -3/35      AC:  3    Str:  9    XL:     6   Next: 76%
Magic:  6/6        EV: 14    Int: 10    God:
Gold:   247        SH:  9    Dex: 20    Spells: 5/5 levels left

rFire   . . .      SeeInvis .    e - +0 sling
rCold   . . .      Faith    .    p - +0 kite shield
rNeg    + . .      Spirit   .    c - +0 leather armour
rPois   .          Reflect  .    (no helmet)
rElec   .          Harm     .    k - scarf {repulsion}
rCorr   .          Rampage  .    (no gloves)
Will    .....                    (no boots)
Stlth   +++                      (no amulet)
HPRegen 0.25/turn                n - ring of positive energy
MPRegen 0.10/turn                (no ring)

@: repel missiles
A: small, no large weapons, nightstalker 3
a: no special abilities


You were on level 4 of the Dungeon.
You visited 1 branch of the dungeon, and saw 4 of its levels.

You collected 247 gold pieces.

Inventory:

Hand Weapons
 a - a +0 shortbow
 e - a +0 sling (weapon)
Armour
 c - a +0 leather armour (worn)
 d - a +0 cloak
 k - a scarf of repulsion (worn)
 p - a +0 kite shield (worn)
Jewellery
 n - a ring of positive energy (left hand)
Wands
 o - a wand of polymorph (8)
Scrolls
 b - a scroll of immolation
 l - a scroll of enchant armour {unknown}
 m - a scroll of noise {unknown}
 q - a scroll of brand weapon {unknown}
 r - a scroll of blinking {unknown}
 s - 3 scrolls of teleportation
Potions
 f - a potion of berserk rage {unknown}
 g - 2 potions of might
 h - a potion of degeneration
 i - 2 potions of curing
 j - a potion of flight {unknown}
 t - a potion of heal wounds {unknown}


   Skills:
 - Level 2.1 Fighting
 - Level 8.0 Ranged Weapons
 - Level 5.0 Dodging
 - Level 1.3 Stealth
 + Level 1.8 Shields


You had 5 spell levels left.
You didn't know any spells.
Your spell library contained the following spells:

 Spells                   Type           Power      Damage    Failure   Level
 Tukima's Dance           Hex            0%         N/A       100%        3
 Passage of Golubria      Tloc           0%         N/A       100%        4
 Yara's Violent Unravell  Hex/Tmut       0%         3d3       100%        5


Dungeon Overview and Level Annotations

Branches:
Dungeon (4/15)
 Temple: D:4-7

Altars:


Innate Abilities, Weirdness & Mutations

You are small and have problems with some larger weapons.
You are completely attuned to the shadows.


Message History

You are too injured to fight recklessly!
You are too injured to fight recklessly!
You are too injured to fight recklessly!
You are too injured to fight recklessly!
You are too injured to fight recklessly!
You are too injured to fight recklessly!
You are too injured to fight recklessly!
You are too injured to fight recklessly!
You are too injured to fight recklessly!
You are too injured to fight recklessly!
You are too injured to fight recklessly!
You are too injured to fight recklessly!
Unknown command.
You feel better.
The orc priest casts a cantrip, but nothing happens.
Fire: e) +0 sling
Press: ? - help, Q - select action, (/) - cycle Shift-Dir - straight line, f - orc priest
Aim: an orc priest, wielding a +0 war axe (65% to hit)
You shoot a sling bullet.
The sling bullet closely misses the orc priest.
Fire: e) +0 sling
Press: ? - help, Q - select action, (/) - cycle Shift-Dir - straight line, f/p - orc priest
Aim: an orc priest, wielding a +0 war axe (65% to hit)
You shoot a sling bullet.
The sling bullet barely misses the orc priest.
The orc priest hits you with a +0 war axe!
You block the orc priest's attack.
Fire: e) +0 sling
Press: ? - help, Q - select action, (/) - cycle Shift-Dir - straight line, f/p - orc priest
Aim: an orc priest, wielding a +0 war axe (65% to hit)
You shoot a sling bullet.
The sling bullet closely misses the orc priest.
The orc priest hits you with a +0 war axe!
* * * LOW HITPOINT WARNING * * *
The orc priest mumbles some strange prayers to Beogh against you.
Pain shoots through your body!
* * * LOW HITPOINT WARNING * * *
The orc priest mumbles some strange prayers to Beogh against you.
Pain shoots through your body!
You die...

###.#######
#.........#
#...#####.# #####
#.# .. .# #.# #.
#.#.# #.# #. #.#.#
#####.# #o###.#.#
#.....#
#o@.....####.#####
#####...†..#.#
.......##.#.#
#####.###.#.# #.#
#.#.# #.# #.#.####
#.# #.#.#.. #.#
#.#.#.# #.#.#.##


You could see 2 orc priests.

Vanquished Creatures
  A gnoll bouda (D:4)
  Crazy Yiuf (D:4)
  Jessica (D:3)
  2 iguanas (D:4)
  An orc wizard (D:4)
  An adder (D:2)
  5 gnolls
  4 dart slugs (D:1)
  3 orcs (D:4)
  5 ball pythons
  6 endoplasms
  5 giant cockroaches
  11 goblins
  6 hobgoblins
  13 jackals
  3 quokkas
  10 bats
  7 frilled lizards
  5 kobolds
  5 rats
95 creatures vanquished.

Notes
Turn   | Place    | Note
-------+----------+-------------------------------------------
     0 | D:1      | Newt the Kobold Hunter began the quest for the Orb.
     0 | D:1      | Reached XP level 1. HP: 12/12 MP: 1/1
    69 | D:1      | Reached XP level 2. HP: 17/17 MP: 2/2
    76 | D:1      | Reached skill level 6 in Ranged Weapons
   226 | D:1      | Reached XP level 3. HP: 21/21 MP: 3/3
   468 | D:1      | Reached skill level 7 in Ranged Weapons
   572 | D:1      | Reached XP level 4. HP: 26/26 MP: 4/4
  1650 | D:3      | Noticed Jessica
  1653 | D:3      | Killed Jessica
  1654 | D:3      | Reached skill level 8 in Ranged Weapons
  1654 | D:3      | Reached XP level 5. HP: 30/30 MP: 5/5
  2348 | D:3      | Found a faded altar of an unknown god.
  2511 | D:4      | Found a runed translucent door.
  2514 | D:4      | Noticed Crazy Yiuf
  2519 | D:4      | Killed Crazy Yiuf
  2575 | D:4      | Reached XP level 6. HP: 19/35 MP: 6/6
  2715 | D:4      | Reached skill level 5 in Dodging
  2734 | D:4      | Reached skill level 1 in Shields
  3264 | D:4      | Killed from afar by an orc priest

Illustrated notes

Levels and vault maps discovered:
D:1:      minmay_arrival_glassed_features, layout_loops_ring
D:2:      layout_basic
D:3:      layout_rooms, dilly_ecumenical_altar_fadedgnrine,
          minmay_misc_feat_tower, uniq_jessica
D:4:      layout_loops_ring, nicolae_hepliaklqana_hippocampus,
          uniq_crazy_yiuf_cottage

Skill      XL: |  1  2  3  4  5  6 |
---------------+-------------------+-----
Ranged Weapons | 6 7 8 |  8.0
Dodging        | 4 5 |  5.0
Shields        | 1 |  1.8
Fighting       | |  2.1
Stealth        | |  1.3

Action                   |  1- 3 |  4- 6 || total
-------------------------+-------+-------++-------
 Fire: Shortbow          |    71 |   161 ||   232
       Sling             |       |    44 ||    44
  Use: Scroll            |       |     6 ||     6
       Potion            |       |     1 ||     1
Armor: Leather armour    |     9 |    31 ||    40
Dodge: Dodged            |    26 |    96 ||   122
Block: Kite shield       |       |    19 ||    19

Table legend: (Time is in decaauts)
 A = Elapsed time spent in this place.
 B = Non-inter-level travel time spent in this place.
 C = Inter-level travel time spent in this place.
 D = Time resting spent in this place.
 E = Time spent auto-exploring this place.
 F = Levels seen in this place.
 G = Mean time per level.
                   A        B        C        D        E       F      G
               +--------+--------+--------+--------+--------+-----+--------+
         Total |   3319 |   3250 |     69 |    405 |   2340 |   4 |  829.8 |
       Dungeon |   3319 |   3250 |     69 |    405 |   2340 |   4 |  829.8 |
               +--------+--------+--------+--------+--------+-----+--------+

Top non-repeatable levels by time:
     D:4: 907 daAuts
     D:2: 832 daAuts
     D:3: 808 daAuts
     D:1: 770 daAuts
